 Dungeon Crawl Stone Soup version 0.28-a0-1524-ge72afd5fc6 (webtiles) character file.

Game seed: 2260567212891877136

105098 flotson the Fighter (level 15, -20/122 HPs)
             Began as a Demonspawn Gladiator on Jan 18, 2022.
             Was an Initiate of Gozag.
             Demolished by an ettin simulacrum (34 damage)
             ... animated by a necromancer
             ... on level 15 of the Dungeon.
             The game lasted 01:10:51 (33083 turns).

flotson the Fighter (Demonspawn Gladiator)         Turns: 33083, Time: 01:10:53

Health: -20/122    AC: 27    Str: 30    XL:     15   Next: 93%
Magic:  0/15       EV: 21    Int:  6    God:    Gozag
Gold:   2474       SH:  0    Dex: 26    Spells: 14/14 levels left

rFire   . . .      SeeInvis +   a - +8 longbow "Zephyr" {speed, Dex+3 SInv}
rCold   x . .      Faith    .   (shield currently unavailable)
rNeg    . . .      Spirit   +   R - +6 scale mail of Gigiep {+Blink rC- Regen+ Str+4}
rPois   .          Reflect  .   H - +2 helmet of Coob {Str+4 Dex+4 SInv}
rElec   .          Harm     .   S - scarf {repulsion}
rCorr   .          Rampage  .   X - +3 Mad Mage's Maulers {Infuse+∞ RegenMP Int-3}
Will    ++...                   (boots unavailable)
Stlth   +++.......              e - amulet of guardian spirit
HPRegen 1.10/turn               w - +4 ring of protection
MPRegen 0.54/turn               r - +4 ring of slaying

@: gold aura, repel missiles
A: hooves 3, thin skeletal structure 2, foul stench 3, powered by death 1,
demonic willpower
a: Renounce Religion, Evoke Blink, Potion Petition, Call Merchant, Bribe Branch


You were on level 15 of the Dungeon.
You worshipped Gozag.
Gozag was most pleased with you.
You visited 3 branches of the dungeon, and saw 23 of its levels.
You also visited: Gauntlet and Ice Cave.

You collected 7990 gold pieces.
You spent 3519 gold pieces at shops.
You paid 1997 gold pieces to Gozag.

Inventory:

Hand Weapons
 a - the +8 longbow "Zephyr" (weapon) {speed, Dex+3 SInv}
   (You found it on level 6 of the Lair of Beasts)

   Attacks with this weapon are significantly faster.
   Dex:       It affects your dexterity (+3).
   SInv:      It lets you see invisible.
 b - a +2 vampiric war axe
 c - a +3 broad axe of flaming
Missiles
 d - 2 datura-tipped darts
 J - 2 boomerangs of dispersal
 L - 8 silver javelins
 N - a curare-tipped dart
 Z - 329 arrows (quivered ammo)
Armour
 h - +0 ice dragon scales
 n - a +2 plate armour of fire resistance
 H - the +2 helmet of Coob (worn) {Str+4 Dex+4 SInv}
   (You acquired it on level 12 of the Dungeon)

   Str:       It affects your strength (+4).
   Dex:       It affects your dexterity (+4).
   SInv:      It lets you see invisible.
 R - the +6 scale mail of Gigiep (worn) {+Blink rC- Regen+ Str+4}
   (You bought it in a shop on level 1 of the Orcish Mines)

   Str:       It affects your strength (+4).
   rC:        It makes you vulnerable to cold.
   +Blink:    It lets you blink.
   Regen:     It increases your rate of health regeneration.
 S - a scarf of repulsion (worn)
 X - the +3 Mad Mage's Maulers (worn) {Infuse+∞ RegenMP Int-3}
   (You bought it in a shop on level 1 of the Orcish Mines)

   It empowers its wearer's blows with all of their magic.
   It causes its wearer's magical reserves to regenerate more quickly.
   Int:       It affects your intelligence (-3).
Jewellery
 e - an amulet of guardian spirit (around neck)
 r - a +4 ring of slaying (right hand)
 w - a +4 ring of protection (left hand)
 E - a ring of poison resistance
Wands
 q - a wand of mindburst (18)
 s - a wand of iceblast (10)
 A - a wand of acid (8)
 C - a wand of digging (16)
 G - a wand of flame (15)
 O - a wand of paralysis (4)
 W - a wand of charming (8)
Scrolls
 i - 12 scrolls of teleportation
 k - 6 scrolls of fog
 l - 6 scrolls of vulnerability
 p - a scroll of holy word
 x - 6 scrolls of fear
 y - 4 scrolls of magic mapping
 I - a scroll of torment
 K - 3 scrolls of silence
 Q - 4 scrolls of blinking
 Y - 3 scrolls of immolation
Potions
 f - 2 potions of might
 g - 8 potions of lignification
 j - 9 potions of curing
 o - 3 potions of invisibility
 t - a potion of berserk rage
 u - a potion of cancellation
 D - 7 potions of heal wounds
 F - 2 potions of attraction
 P - 2 potions of ambrosia
 U - 2 potions of flight
 V - a potion of haste
Miscellaneous
 m - a tin of tremorstones (2/2)
 B - a condenser vane
 T - a piece from Xom's chessboard (15/15)


   Skills:
 + Level 12.7 Fighting
 - Level 10.5 Axes
 * Level 7.8 Bows
 - Level 10.2 Throwing
 + Level 11.5 Armour
 + Level 11.8 Dodging
 - Level 3.0 Shields
 - Level 9.4 Evocations


You had 14 spell levels left.
You didn't know any spells.
Your spell library contained the following spells:

 Spells                   Type           Power      Damage    Failure   Level
 Freeze                   Ice            0%         1d3       65%         1
 Slow                     Hex            0%         N/A       65%         1
 Confusing Touch          Hex            0%         N/A       95%         3
 Conjure Flame            Conj/Fire      0%         6-21      95%         3
 Frozen Ramparts          Ice            0%         1d2       95%         3
 Ignite Poison            Fire/Tmut/Pois 0%         N/A       95%         3
 Vampiric Draining        Necr           0%         2d6       95%         3
 Hailstorm                Conj/Ice       0%         3d3       100%        4
 Ice Form                 Ice/Tmut       0%         N/A       100%        4
 Sticky Flame             Conj/Fire      0%         2d3       100%        4
 Summon Ice Beast         Ice/Summ       0%         N/A       100%        4
 Summon Forest            Summ/Tloc      0%         N/A       100%        5
 Summon Mana Viper        Hex/Summ       0%         N/A       100%        5
 Summon Cactus Giant      Summ           0%         N/A       100%        6


Dungeon Overview and Level Annotations

Branches:
Dungeon (15/15)            Temple (0/1) D:6            Lair (6/6) D:10
 Shoals (0/4) Lair:2       Spider (0/4) Lair:2        Slime (0/5) Lair:5
    Orc (2/2) D:11            Elf (0/3) Orc:2        Vaults (0/5) D:14
  IceCv (visited)         Gauntlet (visited)
 Depths: D:15

Altars:
Dithmenos
Elyvilon
Gozag
Makhleb
Nemelex Xobeh
Okawaru
Ru
Trog
Uskayaw
Vehumet
Xom
Beogh

Shops:
D:11 (***!   Orc:1 *[[:   Orc:2 !?:


Innate Abilities, Weirdness & Mutations

You have hooves in place of feet.
You have a moderately thin skeletal structure. (Dex +4, Stealth++)
You frequently emit foul miasma when damaged in melee.
You regenerate a little health from kills.
You punish those that try to bend your will. (Will+)


Message History

The necromancer binds the souls of nearby monsters.
Fire: 333 arrows
Press: ? - help, Q - select action, (/) - cycle Shift-Dir - straight line, f/p - necromancer
Aim: a necromancer, wielding a +0 dagger of speed and wearing a +0 robe (heavily wounded, 72% to hit)
You shoot an arrow. The arrow hits the necromancer!
The necromancer is severely wounded.
You hear a shout!
A necromancer comes into view.
It is wielding a +1 dagger of holy wrath.
The necromancer hits you but does no damage.
Unknown command.
Fire: 332 arrows
Press: ? - help, Q - select action, (/) - cycle Shift-Dir - straight line, f/p - necromancer
Aim: a necromancer, wielding a +0 dagger of speed and wearing a +0 robe (severely wounded, 72% to hit)
You shoot an arrow. The arrow misses the necromancer.
The arrow hits the ettin simulacrum!
The ettin simulacrum is severely damaged.
The necromancer misses you.
The necromancer mumbles some strange words.
The necromancer binds the souls of nearby monsters.
Unknown command.
Fire: 331 arrows
Press: ? - help, Q - select action, (/) - cycle Shift-Dir - straight line, f/p - necromancer
Aim: a necromancer, wielding a +0 dagger of speed and wearing a +0 robe (severely wounded, soul bound, 72% to hit)
You shoot an arrow. The arrow hits the necromancer!!
You kill the necromancer!
A freezing mist starts to gather...
A necromancer simulacrum comes into view.
Fire: 330 arrows
Press: ? - help, Q - select action, (/) - cycle Shift-Dir - straight line, f - ettin simulacrum
Aim: an ettin simulacrum (severely damaged, 98% to hit)
You shoot an arrow. The arrow hits the ettin simulacrum.
The ettin simulacrum is severely damaged.
The ettin simulacrum hits you. The ettin simulacrum freezes you!!!
You feel a terrible chill!
* * * LOW HITPOINT WARNING * * *
The ettin simulacrum hits you.
* * * LOW HITPOINT WARNING * * *
The ettin simulacrum freezes you!!!
You feel a terrible chill!
You die...
Your body crumbles into a pile of gold.

#..(........#
#.
#...........#
#.
#...........#
#.
#...........#
..
#...........#
#.
#######...###
#. #.###
#$########.#
#Z(Z@......#
#(#p#########
$.#... ##
#.(.# #...#
#...# #.(##
..##


You could see a necromancer, an ettin simulacrum and a necromancer simulacrum.

Vanquished Creatures
  Gastronok (D:8)
  Kirke (D:13)
  An orc warlord (Orc:1)
  A reaper (Gauntlet)
  A stone giant (Orc:2)
  Azrael (D:15)
  A minotaur (Gauntlet)
  An ettin (D:15)
  A fire dragon (D:14)
  Harold (D:10)
  9 hydras
  4 boulder beetles
  5 ogre magi
  4 catoblepae
  5 centaur warriors
  14 death yaks
  15 two-headed ogres
  2 tengu warriors (D:13)
  Urug (Lair:6)
  Nergalle (Lair:2)
  5 deep trolls
  A wolf spider (D:9)
  Pikel (D:7)
  A lindwurm (Lair:2)
  A deep elf pyromancer (D:12)
  3 orc knights
  A necromancer (D:15)
  3 merfolk sirens (Lair:2)
  An oklob plant (Gauntlet)
  2 cyclopes
  4 manticores
  An elephant (shapeshifter) (Gauntlet)
  3 ugly things
  7 elephants
  2 black mambas
  14 cane toads
  2 torpor snails
  2 gargoyles
  3 rime drakes
  An efreet (D:14)
  Maggie (Lair:2)
  A kobold demonologist (D:10)
  9 komodo dragons
  2 freezing wraiths
  12 trolls
  5 polar bears
  A merfolk (Lair:2)
  A hornet (D:10)
  A hornet (shapeshifter) (D:13)
  Prince Ribbit (Lair:2)
  10 dream sheep
  22 blink frogs
  16 slime creatures
  A vampire (D:9)
  A spriggan (Lair:3)
  27 yaks
  A shadow (D:9)
  9 wyverns
  A wraith (D:13)
  Sigmund (D:2)
  2 humans (D:8)
  A water elemental (D:11)
  8 basilisks
  3 steam dragons
  2 fire elementals (D:15)
  A hog (D:13)
  2 death yak simulacra (IceCv)
  A redback (Lair:2)
  A vampire mosquito (D:7)
  3 acid dragons
  2 wargs
  10 water moccasins
  23 orc warriors
  2 hell hounds (D:15)
  A sky beast (D:7)
  3 black bears
  4 necrophages
  27 ogres
  38 wolves
  13 centaurs
  A phantom (D:5)
  4 kobold brigands
  11 bullfrogs
  2 scorpions
  3 gnoll sergeants
  A water moccasin skeleton (D:4)
  8 killer bees
  15 wights
  3 electric eels
  5 howler monkeys
  5 centaur zombies
  A jelly (D:7)
  3 hounds
  A bullfrog skeleton (D:6)
  18 orc priests
  Crazy Yiuf (D:7)
  A centaur skeleton (D:7)
  3 iguanas
  An iguana (shapeshifter) (Gauntlet)
  26 orc wizards
  A polar bear simulacrum (IceCv)
  A wolf simulacrum (IceCv)
  2 hound skeletons
  A howler monkey zombie (D:9)
  19 gnolls
  4 adders
  2 shadow imps (Gauntlet)
  An ufetubus (D:6)
  An adder skeleton (D:4)
  4 worms
  5 dart slugs
  73 orcs
  3 ball pythons (D:2)
  3 bats
  7 endoplasms
  6 giant cockroaches
  4 goblins
  8 hobgoblins
  3 jackals (D:4)
  A quokka (D:3)
  3 frilled lizards
  23 kobolds
  4 rats
690 creatures vanquished.

Vanquished Creatures (others)
  2 dancing weapons (D:14)
  A blink frog (Lair:2)
  4 humans (D:13)
  53 fungi
  59 plants
  8 toadstools (Lair:2)
  A withered plant (D:12)
128 creatures vanquished.

Grand Total: 818 creatures vanquished

Notes
Turn   | Place    | Note
-------+----------+-------------------------------------------
     0 | D:1      | flotson the Demonspawn Gladiator began the quest for the
                  | Orb.
     0 | D:1      | Reached XP level 1. HP: 16/16 MP: 1/1
   465 | D:1      | Gained mutation: You have large cloven feet. [demonic
                  | ancestry]
   465 | D:1      | Reached XP level 2. HP: 22/22 MP: 2/2
   577 | D:1      | Found a faded altar of an unknown god.
  1231 | D:1      | Gained mutation: You regenerate a little health from kills.
                  | [demonic ancestry]
  1231 | D:1      | Reached XP level 3. HP: 21/28 MP: 3/3
  1265 | D:2      | Reached skill level 1 in Armour
  1288 | D:2      | Noticed Sigmund
  1293 | D:2      | Killed Sigmund
  1294 | D:2      | Reached skill level 3 in Fighting
  1294 | D:2      | Reached XP level 4. HP: 23/35 MP: 4/4
  1294 | D:2      | Reached XP level 5. HP: 28/41 MP: 5/5
  2648 | D:2      | Gained mutation: You have a somewhat thin skeletal
                  | structure. (Dex +2, Stealth+) [demonic ancestry]
  2648 | D:2      | Reached XP level 6. HP: 47/47 MP: 6/6
  2821 | D:3      | Found a burning altar of Makhleb.
  3074 | D:3      | Found a bloodstained altar of Trog.
  3161 | D:3      | Found an opulent altar of Gozag.
  3169 | D:3      | Became a worshipper of Gozag Ym Sagoz the Greedy
  4035 | D:4      | Gained mutation: You have hoof-like feet. [demonic
                  | ancestry]
  4035 | D:4      | Reached XP level 7. HP: 48/53 MP: 7/7
  4227 | D:4      | Reached skill level 4 in Fighting
  4386 | D:5      | Entered Level 5 of the Dungeon
  5156 | D:6      | Found a staircase to the Ecumenical Temple.
  5185 | D:5      | Reached XP level 8. HP: 61/61 MP: 8/8
  6456 | D:6      | Reached skill level 5 in Axes
  6485 | D:6      | Found a sacrificial altar of Ru.
  6547 | D:6      | Reached skill level 5 in Fighting
  6547 | D:6      | Reached skill level 5 in Dodging
  6741 | D:7      | Found a runed translucent door.
  6742 | D:7      | Noticed Crazy Yiuf
  6749 | D:7      | Killed Crazy Yiuf
  6764 | D:7      | Identified the +4 mace "Ceycroa" {spect, rElec rN+ Str+2}
  7052 | D:7      | Noticed a komodo dragon
  7311 | D:7      | Noticed a boulder beetle
  7328 | D:7      | Noticed Pikel
  7334 | D:7      | Killed Pikel
  7335 | D:7      | Reached skill level 5 in Throwing
  7335 | D:7      | Reached XP level 9. HP: 68/69 MP: 9/9
  7635 | D:7      | Killed a komodo dragon
  7636 | D:7      | Reached skill level 6 in Fighting
  7636 | D:7      | Reached skill level 5 in Armour
  8101 | D:7      | Killed a boulder beetle
  8102 | D:7      | Reached skill level 1 in Evocations
  9044 | D:8      | Noticed a two-headed ogre
  9154 | D:8      | Killed a two-headed ogre
  9155 | D:8      | Gained mutation: You may rarely emit foul miasma when
                  | damaged in melee. [demonic ancestry]
  9155 | D:8      | Reached XP level 10. HP: 77/77 MP: 10/10
  9168 | D:8      | Noticed Gastronok
  9606 | D:8      | Killed Gastronok
  9607 | D:8      | Reached skill level 7 in Fighting
  9952 | D:8      | Found an iron altar of Okawaru.
 10088 | D:8      | Noticed a two-headed ogre
 10102 | D:8      | Killed a two-headed ogre
 10631 | D:9      | HP: 1/79 [orc wizard (16)]
 11008 | D:9      | Found a shadowy altar of Dithmenos.
 11047 | D:9      | Gained mutation: You sometimes emit foul miasma when
                  | damaged in melee. [demonic ancestry]
 11047 | D:9      | Reached XP level 11. HP: 71/84 MP: 11/11
 11168 | D:9      | Noticed a centaur warrior
 11168 | D:9      | Noticed a deep troll
 11168 | D:9      | Noticed a wolf spider
 11168 | D:9      | Noticed a centaur warrior
 11168 | D:9      | Noticed an ogre mage
 11202 | D:9      | Killed a centaur warrior
 11522 | D:9      | Found a radiant altar of Vehumet.
 11781 | D:9      | Killed an ogre mage
 11844 | D:9      | Killed a deep troll
 11845 | D:9      | Reached skill level 8 in Fighting
 11883 | D:9      | Killed a wolf spider
 11884 | D:9      | Reached skill level 5 in Evocations
 12132 | D:9      | Killed a centaur warrior
 12204 | D:9      | Found a shimmering altar of Xom.
 12417 | D:10     | Entered Level 10 of the Dungeon
 12509 | D:10     | Noticed a two-headed ogre
 12517 | D:10     | Killed a two-headed ogre
 12643 | D:10     | Found a staircase to the Lair.
 12647 | D:10     | Noticed Harold
 12657 | D:10     | Killed Harold
 13262 | D:10     | Found a sparkling altar of Nemelex Xobeh.
 13357 | Lair:1   | Entered Level 1 of the Lair of Beasts
 13370 | Lair:1   | Noticed a seven-headed hydra
 13382 | Lair:1   | Killed a seven-headed hydra
 13467 | Lair:1   | Noticed an eight-headed hydra
 13475 | Lair:1   | Killed an eight-headed hydra
 13597 | Lair:1   | Gained mutation: You have a moderately thin skeletal
                  | structure. (Dex +4, Stealth++) [demonic ancestry]
 13597 | Lair:1   | Reached XP level 12. HP: 94/94 MP: 12/12
 14568 | Lair:2   | Noticed a death yak
 14568 | Lair:2   | Noticed a death yak
 14568 | Lair:2   | Noticed a death yak
 14578 | Lair:1   | Killed a death yak
 14744 | Lair:1   | Killed a death yak
 14786 | Lair:1   | Killed a death yak
 14787 | Lair:1   | Reached skill level 9 in Fighting
 15654 | Lair:2   | Noticed Nergalle
 15661 | Lair:2   | Killed Nergalle
 15679 | Lair:2   | Found a hole to the Spider Nest.
 15716 | Lair:2   | Noticed a seven-headed hydra
 15723 | Lair:2   | Killed a seven-headed hydra
 15901 | Lair:2   | Noticed a death yak
 15911 | Lair:2   | Killed a death yak
 15969 | Lair:2   | Found a staircase to the Shoals.
 16259 | Lair:2   | Noticed Prince Ribbit
 16263 | Lair:2   | Noticed Maggie
 16269 | Lair:2   | Killed Prince Ribbit
 16289 | Lair:2   | Killed Maggie
 16729 | Lair:2   | Noticed an eight-headed hydra
 17156 | Lair:2   | Noticed a catoblepas
 17170 | Lair:2   | Gained mutation: You have hooves in place of feet. [demonic
                  | ancestry]
 17170 | Lair:2   | Reached XP level 13. HP: 98/102 MP: 13/13
 17200 | Lair:2   | Found a runed translucent door.
 18230 | Lair:3   | Reached skill level 10 in Fighting
 20237 | Lair:3   | HP: 2/104 [blink frog (10)]
 21419 | Lair:4   | Reached skill level 10 in Axes
 22375 | Lair:5   | Found a staircase to the Slime Pits.
 22387 | Lair:5   | Reached skill level 10 in Dodging
 22419 | Lair:5   | Found a frozen archway.
 22436 | IceCv    | Entered an ice cave
 22442 | IceCv    | Found a transporter.
 22457 | IceCv    | Found a transporter.
 22872 | Lair:5   | Gained mutation: You frequently emit foul miasma when
                  | damaged in melee. [demonic ancestry]
 22872 | Lair:5   | Reached XP level 14. HP: 46/111 MP: 14/14
 23256 | Lair:5   | Reached skill level 1 in Shields
 23734 | Lair:6   | Entered Level 6 of the Lair of Beasts
 23977 | Lair:6   | Noticed Urug
 23985 | Lair:6   | Killed Urug
 24544 | Lair:5   | Reached skill level 11 in Fighting
 24544 | Lair:5   | Reached skill level 10 in Throwing
 25100 | Lair:6   | Reached skill level 10 in Armour
 25982 | Lair:6   | Found the +8 longbow "Zephyr" {speed, Dex+3 SInv}
 26775 | D:11     | Found Hatibro's Distillery.
 26784 | D:11     | Reached skill level 1 in Bows
 26908 | D:11     | Bought a potion of flight for 36 gold pieces
 26908 | D:11     | Bought a potion of invisibility for 96 gold pieces
 26947 | D:11     | Found Vefu's General Store.
 26955 | D:11     | Bought a +1 pair of gloves of strength for 165 gold pieces
 27568 | D:11     | Found Henu's Assorted Antiques.
 27577 | D:11     | Bought a heavily runed chain mail for 294 gold pieces
 27577 | D:11     | Identified the +0 chain mail "Feral" {rC+ MP+9} (You bought
                  | it in a shop on level 11 of the Dungeon)
 27605 | D:11     | Found Hicotaci's Weapon Shoppe.
 27644 | D:11     | Found a staircase to the Orcish Mines.
 27807 | D:11     | Found Wyusm's General Store.
 27810 | D:11     | Bought a scroll of enchant armour for 120 gold pieces
 27812 | D:11     | Bought a scroll of teleportation for 48 gold pieces
 27812 | D:11     | Bought 4 silver javelins for 153 gold pieces
 27856 | D:11     | Bought 2 potions of heal wounds for 120 gold pieces
 27856 | D:11     | Bought 2 potions of heal wounds for 120 gold pieces
 27856 | D:11     | Bought a potion of invisibility for 96 gold pieces
 28014 | Orc:1    | Entered Level 1 of the Orcish Mines
 28192 | Orc:1    | Found Hiugiuhuzu's Book Boutique.
 28645 | Orc:2    | Entered Level 2 of the Orcish Mines
 28902 | Orc:2    | Found a staircase to the Elven Halls.
 29109 | Orc:2    | Found Inuet's Magic Scroll Shop.
 29148 | Orc:2    | Noticed a stone giant
 29177 | Orc:2    | Killed a stone giant
 29182 | Orc:2    | Gained mutation: You punish those that try to bend your
                  | will. (Will+) [demonic ancestry]
 29182 | Orc:2    | Reached XP level 15. HP: 86/120 MP: 15/15
 29241 | Orc:2    | Reached skill level 5 in Bows
 29242 | Orc:2    | Paralysed by an ogre mage for 7 turns
 29472 | Orc:2    | Found Ekegg's Book Shop.
 29475 | Orc:2    | Found Ceusmuw's Distillery.
 29477 | Orc:2    | Found Roettieg's Magic Scroll Shoppe.
 29485 | Orc:2    | Bought a scroll of enchant weapon for 82 gold pieces
 29485 | Orc:2    | Bought a scroll of identify for 22 gold pieces
 29485 | Orc:2    | Bought a scroll of fog for 22 gold pieces
 29485 | Orc:2    | Bought a scroll of identify for 22 gold pieces
 29485 | Orc:2    | Bought a scroll of amnesia for 38 gold pieces
 29485 | Orc:2    | Bought a scroll of fear for 38 gold pieces
 29485 | Orc:2    | Bought a scroll of magic mapping for 38 gold pieces
 29499 | Orc:2    | Bought a scroll of brand weapon for 320 gold pieces
 29499 | Orc:2    | Bought a scroll of torment for 120 gold pieces
 29499 | Orc:2    | Bought a scroll of vulnerability for 120 gold pieces
 29499 | Orc:2    | Bought a scroll of identify for 32 gold pieces
 29499 | Orc:2    | Bought a scroll of fog for 32 gold pieces
 29499 | Orc:2    | Bought a scroll of identify for 32 gold pieces
 29499 | Orc:2    | Bought a scroll of immolation for 56 gold pieces
 29518 | Orc:2    | Bought a potion of might for 64 gold pieces
 29887 | Orc:1    | Noticed an orc warlord
 29918 | Orc:1    | Killed an orc warlord
 30174 | Orc:1    | Bought a steaming chain mail for 389 gold pieces
 30174 | Orc:1    | Identified the +7 chain mail "Lupoch" {Str+6 Int+2} (You
                  | bought it in a shop on level 1 of the Orcish Mines)
 30186 | Orc:1    | Bought a distressingly furry scale mail for 216 gold pieces
 30186 | Orc:1    | Identified the +6 scale mail of Gigiep {+Blink rC- Regen+
                  | Str+4} (You bought it in a shop on level 1 of the Orcish
                  | Mines)
 30186 | Orc:1    | Bought a masterwork chain mail for 228 gold pieces
 30186 | Orc:1    | Identified the +1 chain mail of Insatiable Hunger {Will-
                  | rCorr Str-2 Slay+4 SInv} (You bought it in a shop on level
                  | 1 of the Orcish Mines)
 30221 | Orc:1    | Bought the +3 Mad Mage's Maulers {Infuse+∞ RegenMP Int-3}
                  | for 400 gold pieces
 30221 | Orc:1    | Found the +3 Mad Mage's Maulers {Infuse+∞ RegenMP Int-3}
 30348 | D:12     | Reached skill level 12 in Fighting
 30731 | D:12     | Identified a scroll of acquirement
 30732 | D:12     | Acquired the +2 helmet of Coob {Str+4 Dex+4 SInv}
 30810 | D:12     | You fall into a shaft and drop 1 floor!
 31048 | D:13     | Noticed Kirke
 31067 | D:13     | Killed Kirke
 31333 | D:13     | Identified the +2 pair of gloves of the Past {Drain rElec
                  | Regen+ rCorr}
 31722 | D:14     | Found a gate leading to a gauntlet.
 31736 | Gauntlet | Entered a Gauntlet
 31736 | Gauntlet | Found a runed translucent door.
 31736 | Gauntlet | Found a transporter.
 31736 | Gauntlet | Found a runed translucent door.
 31736 | Gauntlet | Found a transporter.
 31754 | Gauntlet | Found a transporter.
 31754 | Gauntlet | Found a transporter.
 31758 | Gauntlet | Found a transporter.
 31758 | Gauntlet | Found a transporter.
 31787 | Gauntlet | Found a transporter.
 31788 | Gauntlet | Found a transporter.
 31804 | Gauntlet | Found a transporter.
 31813 | Gauntlet | Found a transporter.
 31827 | Gauntlet | Found a transporter.
 31831 | Gauntlet | Found a transporter.
 32063 | Gauntlet | Identified the +2 longbow of Caustic Guile {freeze, Stlth+}
 32458 | D:14     | Found a hide-covered altar of Uskayaw.
 32640 | D:14     | Found a gate to the Vaults.
 32934 | D:15     | Entered Level 15 of the Dungeon
 32998 | D:15     | Noticed Azrael
 33017 | D:15     | Killed Azrael
 33083 | D:15     | Demolished by an ettin simulacrum

Illustrated notes

Levels and vault maps discovered:
D:1:      amcnicky_arrival_underground_garden, layout_basic,
          shapermc_ecumenical_altar_ellora
D:2:      minmay_angry_zag, layout_basic, minmay_misc_feat_x,
          minmay_heptomino_l4, uniq_sigmund
D:3:      layout_basic, mainiacjoe_overflow_concentric_impassable,
          grunt_gozag_statues, trog_book, serial_bayou_pond_e
D:4:      layout_cave_pools
D:5:      layout_rooms
D:6:      layout_layer_cave, nicolae_ru_path_of_blood,
          minmay_temple_entry_waves, minivault_19
D:7:      minmay_chambers_of_sixes, layout_basic, minivault_10,
          lightli_orcish_oven, uniq_crazy_yiuf_cottage, uniq_pikel
D:8:      layout_rooms, okawaru_humans, serial_glass, glass_columns_c,
          glass_columns_c, nicolae_zen_rock_garden, hangedman_decor_peaks_small,
          minmay_parallelograms, uniq_gastronok
D:9:      nzn_winding_woodlands_cross [nzn_winding_woodlands_5x15_garden,
          nzn_winding_woodlands_5x15_jagged,
          nzn_winding_woodlands_5x15_river_crossing,
          nzn_winding_woodlands_5x15_parted,
          nzn_winding_woodlands_15x15_killbox], layout_rooms, xom_teletrap_fun,
          mainiacjoe_overflow_brackets, kennysheep_mini_moat
D:10:     layout_irregular_city, mainiacjoe_overflow_swirl, lair_entry_dummy,
          uniq_harold
D:11:     layout_loops_cross, minmay_orc_entry_temple_small, serial_shops,
          shop_fountains, shop, kennysheep_mini, shop, shop,
          kennysheep_generic_room_16
D:12:     layout_loops_ring, serial_undead, serial_undead_c, serial_undead_c,
          serial_undead_a, serial_undead_b, small_statue_intersection,
          library_closet, minmay_fountain_box, st_stairs_12
D:13:     layout_long_grid, uniq_kirke
D:14:     layout_loops_ring, erik_vaults_1,
          nicolae_uskayaw_murder_on_the_dancefloor, gauntlet_entry_generic
D:15:     hangedman_depths_entry_civil_slaughter, layout_loops_ring,
          nicolae_figureground_sparkle, nicolae_benzene_ring, minivault_16,
          uniq_nessos, uniq_azrael
Lair:1:   layout_cave_pods, grunt_megastairs_1
Lair:2:   gammafunk_lair_enchanted_lake, layout_long_grid,
          elwin_shoals_entry_stream, spider_nest_entry_rubble,
          lemuel_fruit_tree, uniq_prince_ribbit2, uniq_nergalle, uniq_maggie
Lair:3:   layout_cave_shapes, grunt_forest_stairs_clearing
Lair:4:   layout_regular_city, grunt_forest_stairs_basic, serial_bayou_shore_a,
          serial_bayou_shore_b, grunt_megastairs_2
Lair:5:   layout_hall_layers, slime_dummy, portal_ice_cave_entry_pillars_1
Lair:6:   evilmike_catoblepas_cave, layout_regular_city,
          chequers_serial_rivers_large_a, uniq_urug
Orc:1:    nicolae_orc_accident_2, layout_caves, serial_shops,
          nicolae_shop_window_shopping
Orc:2:    st_orc_open, layout_caves, hellmonk_bongcloud_opening,
          nicolae_orc_tapped_out

Skill      XL: |  1  2  3  4  5  6  7  8  9 10 11 12 13 14 15 |
---------------+----------------------------------------------+-----
Throwing       | 2 3 4 5 6 7 8 9 10 | 10.2
Axes           | 3 4 5 6 7 8 9 10 | 10.5
Dodging        | 3 4 5 6 7 8 9 10 11 | 11.8
Armour         | 1 2 3 4 5 6 7 8 9 10 11 | 11.5
Fighting       | 3 4 5 6 7 8 9 10 11 12 | 12.7
Evocations     | 2 4 6 7 8 9 |  9.4
Shields        | 3 |  3.0
Bows           | 4 7 |  7.8

Action                   |  1- 3 |  4- 6 |  7- 9 | 10-12 | 13-15 || total
-------------------------+-------+-------+-------+-------+-------++-------
Melee: War axe           |    51 |       |       |       |   143 ||   194
       Kick              |     6 |    17 |    73 |       |   289 ||   385
       Scythe            |       |    53 |       |       |       ||    53
       Glaive            |       |    64 |   168 |       |       ||   232
       Mace              |       |       |   110 |   524 |   501 ||  1135
       Punch             |       |       |       |    13 |    10 ||    23
 Fire: Longbow           |       |       |       |       |   642 ||   642
Throw: Dart              |     1 |     2 |     4 |    32 |     2 ||    41
       Throwing net      |     1 |     1 |     5 |     4 |       ||    11
       Boomerang         |       |       |     7 |    45 |    20 ||    72
       Javelin           |       |       |       |    24 |    24 ||    48
Invok: Call Merchant     |       |       |       |       |     3 ||     3
Evoke: Wand              |       |       |     5 |     6 |     1 ||    12
       Condenser vane    |       |       |       |       |     2 ||     2
  Use: Potion            |       |       |       |     8 |     5 ||    13
       Scroll            |       |       |       |     9 |    15 ||    24
 Stab: Sleeping          |     1 |     1 |       |       |     3 ||     5
       Held in net/web   |     1 |       |     3 |       |     1 ||     5
       Distracted        |       |       |     1 |     8 |    13 ||    22
Armor: Leather armour    |    15 |     4 |       |       |       ||    19
       Scale mail        |       |    12 |       |       |    59 ||    71
       Plate armour      |       |    43 |   223 |   560 |   266 ||  1092
       Skin              |       |       |       |     3 |       ||     3
       Ice dragon scales |       |       |       |       |   210 ||   210
Dodge: Dodged            |    26 |    68 |   114 |   376 |   710 ||  1294
       Repelled          |       |       |       |       |     3 ||     3
Block: Buckler           |       |       |       |       |    44 ||    44

Table legend: (Time is in decaauts)
 A = Elapsed time spent in this place.
 B = Non-inter-level travel time spent in this place.
 C = Inter-level travel time spent in this place.
 D = Time resting spent in this place.
 E = Time spent auto-exploring this place.
 F = Levels seen in this place.
 G = Mean time per level.
                   A        B        C        D        E       F      G
               +--------+--------+--------+--------+--------+-----+--------+
         Total |  33569 |  31681 |   1888 |   3193 |  21923 |  25 | 1342.8 |
       Dungeon |  17510 |  16564 |    946 |   1544 |  11756 |  15 | 1167.3 |
          Lair |  13272 |  12425 |    847 |   1649 |   8362 |   6 | 2212.0 |
  Orcish Mines |   2288 |   2193 |     95 |      0 |   1495 |   2 | 1144.0 |
      Ice Cave |    108 |    108 |      0 |      0 |     64 |   1 |  108.0 |
      Gauntlet |    390 |    390 |      0 |      0 |    246 |   1 |  390.0 |
               +--------+--------+--------+--------+--------+-----+--------+

Top non-repeatable levels by time:
  Lair:2: 4142 daAuts
     D:7: 2846 daAuts
  Lair:1: 2268 daAuts
  Lair:6: 2026 daAuts
  Lair:4: 1931 daAuts
  Lair:5: 1838 daAuts
     D:6: 1755 daAuts
     D:9: 1578 daAuts
     D:2: 1503 daAuts
     D:1: 1342 daAuts
    D:11: 1279 daAuts
     D:8: 1220 daAuts
    D:10: 1210 daAuts
   Orc:2: 1152 daAuts
   Orc:1: 1135 daAuts
